 Dungeon Crawl Stone Soup version 0.31.0-11-ge490571c62 (webtiles) character file.

Game seed: 7241205275712865111

216 qw the Skirmisher (level 5, -1/30 HPs)
             Began as a Deep Elf Hunter on Feb 5, 2024.
             Killed by divine providence
             ... invoked by an orc priest
              (12 damage)
             ... on level 4 of the Dungeon.
             The game lasted 00:00:09 (2577 turns).

qw the Skirmisher (Deep Elf Hunter)                 Turns: 2577, Time: 00:00:09

Health: -1/30      AC:  6    Str: 10    XL:     5   Next: 61%
Magic:  7/7        EV: 11    Int: 14    God:
Gold:   158        SH:  0    Dex: 18    Spells: 4/4 levels left

rFire   . . .        a - +0 shortbow
rCold   . . .        (shield currently unavailable)
rNeg    . . .        c - +0 ring mail
rPois   .            (no helmet)
rElec   .            g - +0 cloak
rCorr   .            (no gloves)
SInv    .            (no boots)
Will    .....        (no amulet)
Stlth   +            (no ring)
HPRegen 0.25/turn    (no ring)
MPRegen 0.10/turn

%: no passive effects
@: no status effects
A: no striking features
a: no special abilities


You were on level 4 of the Dungeon.
You visited 1 branch of the dungeon, and saw 4 of its levels.

You collected 158 gold pieces.


   Skills:
 + Level 1.7 Fighting
 - Level 9.1 Ranged Weapons
 - Level 2.4 Dodging
 - Level 1.2 Stealth


You had 4 spell levels left.
You didn't know any spells.
Your spell library was empty.

Inventory:

Hand Weapons
 a - a +0 shortbow (weapon)
Armour
 c - a +0 ring mail (worn)
 e - a +0 helmet
 g - a +0 cloak (worn)
Scrolls
 b - a scroll of enchant weapon {unknown}
 f - a scroll of teleportation
Potions
 d - a potion of might
 i - a potion of curing

Dungeon Overview and Level Annotations

Branches:
Dungeon (4/15)
 Temple: D:4-7

Altars:
Elyvilon
Sif Muna


Message History

You shoot an arrow. The arrow closely misses the orc.
A goblin comes into view. It is wielding a +0 club.
You shoot an arrow. The goblin shouts!
The arrow hits the orc.
The orc is moderately wounded.
The orc hits you but does no damage.
You shoot an arrow. The arrow closely misses the orc.
The arrow completely misses the kobold.
The orc closely misses you. The orc barely misses you.
The orc closely misses you.
You shoot an arrow. The arrow closely misses the orc.
The arrow hits the orc but does no damage.
The orc hits you but does no damage. The orc barely misses you.
The orc hits you but does no damage. The orc hits you with a +0 hand axe.
The orc barely misses you. x2
You shoot an arrow. The arrow hits the orc.
You kill the orc!
The orc hits you but does no damage. The orc barely misses you.
The orc priest calls down the wrath of Beogh upon you.
Beogh smites you!
The orc hits you from afar with a +0 trident.
You shoot an arrow. The arrow hits the orc.
You kill the orc!
The orc hits you with a +0 dagger. The orc closely misses you.
You shoot an arrow. The arrow hits the kobold.
You kill the kobold!
The orc hits you but does no damage.
The orc priest calls down the wrath of Beogh upon you.
Pain shoots through your body!
You shoot an arrow. The arrow closely misses the orc.
The arrow hits the goblin!
You kill the goblin!
The orc closely misses you. The orc barely misses you.
You shoot an arrow.
The arrow closely misses the orc priest.
An endoplasm comes into view.
The orc closely misses you.
The orc priest mumbles some strange prayers to Beogh against you.
Beogh smites you!
You die...

#..######## #.........#
#.#.#.#.#.# #.........#
. #.#.#.#.#.#####
...##.............#
.#...o#)#.#.#.....#
J..)..o@..........#
.#....#o#.#.#.....#
.......)..........###.#
.#...............>.^...
........#..............
.....##.#)#..#.##.####.
##....#.#.#..#....#
#.##...#.#.....#.#
######........#..#..#.#


You could see an orc priest, 2 orcs and an endoplasm (wandering).

Vanquished Creatures
  A scorpion (D:4)
  3 gnolls (D:3)
  6 adders
  A dart slug (D:3)
  2 ribbon worms (D:3)
  3 orcs
  7 ball pythons
  4 bats
  5 endoplasms
  2 giant cockroaches
  5 goblins
  8 hobgoblins
  3 quokkas
  2 frilled lizards
  7 kobolds
  6 rats
65 creatures vanquished.

Notes
Turn   | Place    | Note
-------+----------+-------------------------------------------
     0 | D:1      | qw the Deep Elf Hunter began the quest for the Orb.
     0 | D:1      | Reached XP level 1. HP: 12/12 MP: 3/3
     0 | D:1      | 0 ||| qw: Version: 0.3-a-160-g6735b56
     0 | D:1      | 0 ||| qw: Game counter: 6173
     0 | D:1      | 0 ||| qw: Melee chars always use a shield: true
     0 | D:1      | 0 ||| qw: God list: Okawaru
     0 | D:1      | 0 ||| qw: Allow faded altars: false
     0 | D:1      | 0 ||| qw: Do Orc after clearing Dungeon:15 true
     0 | D:1      | 0 ||| qw: Do second Lair branch before Depths: true
     0 | D:1      | 0 ||| qw: Lair rune preference: random
     0 | D:1      | 0 ||| qw: Goals: Normal
     0 | D:1      | 0 ||| PLANNING D:1-11
   132 | D:1      | 132 ||| UPGRADING to +0 scale mail.
   143 | D:1      | 143 ||| DROPPING +0 leather armour.
   185 | D:1      | Reached XP level 2. HP: 16/16 MP: 4/4
   192 | D:1      | Reached skill level 6 in Ranged Weapons
   997 | D:1      | 997 ||| READING scroll labelled KECAC UNOANEMP.
   998 | D:1      | 998 ||| READING scroll labelled ZEINEOSK SAUT.
  1027 | D:1      | 1027 ||| DROPPING scroll of butterflies.
  1176 | D:2      | Reached XP level 3. HP: 20/20 MP: 5/5
  1464 | D:2      | Reached skill level 7 in Ranged Weapons
  1562 | D:2      | Reached XP level 4. HP: 24/25 MP: 6/6
  1708 | D:2      | 1708 ||| UPGRADING to +0 ring mail.
  1718 | D:2      | 1718 ||| DROPPING +0 scale mail.
  1719 | D:2      | 1719 ||| READING 3 scrolls labelled YRAFEB VINOMOS.
  1719 | D:2      | 1719 ||| IDENTIFYING lumpy black potion
  1720 | D:2      | 1720 ||| DROPPING potion of brilliance.
  1911 | D:3      | Found a shimmering blue altar of Sif Muna.
  1968 | D:3      | Found a white marble altar of Elyvilon.
  1993 | D:3      | Found a faded altar of an unknown god.
  2372 | D:3      | Reached skill level 8 in Ranged Weapons
  2475 | D:3      | 2475 ||| UPGRADING to +0 cloak.
  2480 | D:3      | 2480 ||| READING 4 scrolls of identify.
  2480 | D:3      | 2480 ||| IDENTIFYING bubbling cyan potion
  2481 | D:3      | 2481 ||| READING 3 scrolls of identify.
  2481 | D:3      | 2481 ||| IDENTIFYING fizzy puce potion
  2482 | D:3      | 2482 ||| READING 2 scrolls of identify.
  2482 | D:3      | 2482 ||| IDENTIFYING cyan potion
  2483 | D:3      | 2483 ||| READING scroll of identify.
  2483 | D:3      | 2483 ||| IDENTIFYING 2 scrolls labelled DALID NIKA
  2484 | D:3      | 2484 ||| READING 2 scrolls labelled MOKHLO HAFO.
  2487 | D:3      | 2487 ||| DROPPING 2 scrolls of revelation.
  2488 | D:3      | 2488 ||| DROPPING potion of degeneration.
  2520 | D:4      | Reached XP level 5. HP: 29/29 MP: 7/7
  2548 | D:4      | Reached skill level 9 in Ranged Weapons
  2577 | D:4      | Killed from afar by an orc priest

Levels and vault maps discovered:
D:1:      dpeg_arrival_arbitrary_a, layout_loops_ring, serial_co_window_serial,
          co_window_paths_b, co_window_corner_a, co_window_paths_a,
          co_window_corner_a, co_window_of_opportunity_a, co_window_cross_3,
          co_window_broadway_a, co_window_corner_b, co_window_broadway_b,
          co_window_cross_2, glass_columns_c, glass_columns_a, glass_columns_a,
          glass_columns_a, glass_columns_c
D:2:      layout_loops_cross
D:3:      layout_loops_ring, nicolae_overflow_crystal_walls, elyvilon_altar_5,
          shapermc_ecumenical_altar_pompeii
D:4:      layout_basic, serial_glass, glass_columns_c, glass_columns_a,
          glass_columns_b, glass_columns_a, glass_columns_c, glass_columns_a,
          glass_columns_b, glass_columns_a, skrybe_limestone_x, lightli_minifort

Skill      XL: |  1  2  3  4  5 |
---------------+----------------+-----
Ranged Weapons | 6 7 8 9 |  9.1
Fighting       | |  1.7
Dodging        | |  2.4
Stealth        | |  1.2

Action                     |  1- 3 |  4- 6 || total
---------------------------+-------+-------++-------
   Fire: Shortbow          |   121 |   107 ||   228
    Use: Scroll            |     2 |     6 ||     8
 Armour: Skin              |     1 |       ||     1
         Scale mail        |    49 |     7 ||    56
         Ring mail         |       |    16 ||    16
  Dodge: Dodged            |    37 |    27 ||    64

Table legend:
 A = Non-vault XP
 B = Vault XP
 C = Vault XP percentage of total XP
 D = Non-vault monster count
 E = Vault monster count
 F = Vault count percentage of total count
                 A         B        C        D         E       F
            +---------+---------+-------+---------+---------+-------
      Total |     309 |       0 |   0.0 |      65 |       0 |   0.0
            +---------+---------+-------+---------+---------+-------
        D:1 |      38 |       0 |   0.0 |      22 |       0 |   0.0
        D:2 |      69 |       0 |   0.0 |      14 |       0 |   0.0
        D:3 |      78 |       0 |   0.0 |      21 |       0 |   0.0
        D:4 |     124 |       0 |   0.0 |       8 |       0 |   0.0
            +---------+---------+-------+---------+---------+-------
